AoeStats
← Kappachero

Arabia

503914834Analyzed
2v2 RM · 1mo ago on Sep 3, 2026· 74m 25s· 4 players
Game mode
Random Map
Map size
Medium (4 player)
Population
200
Speed
Normal
Resources
Standard
Victory
Conquest
Starting age
Dark Age
Ending age
Imperial Age
RankedLock teamsTeams togetherTeam positionsShared explorationLock speedFull tech treeHidden civsTurbo modeCheats
Victory
Defeat
🇺🇸 Jurchens · United States
967
+16
🇨🇴 Hindustanis · Colombia
930
+17
🇵🇪 Malians · Peru
976
-17
🇵🇪 Huns · Peru
955
-16
FainterPrune5
5:43 Loom
12:00 Feudal Age
13:53 Double-Bit Axe
14:49 Scale Barding Armor
15:49 Bloodlines
15:53 Forging
18:17 Horse Collar
24:44 Castle Age
23:15 Gold Mining
23:36 Stone Mining
26:46 Iron Casting
27:38 Scale Mail Armor
31:36 Chain Barding Armor
32:26 Chain Mail Armor
32:35 Fletching
39:50 Heavy Plow
41:45 Bodkin Arrow
43:38 Ballistics
42:59 Treadmill Crane
46:25 Imperial Age
45:48 Wheelbarrow
47:32 Conscription
48:23 Plate Barding Armor
48:49 Blast Furnace
49:13 Elite Iron Pagoda
54:33 Murder Holes
57:32 Bracer
62:36 Chemistry
65:29 Siege Engineers
65:11 Heavy Scorpion
winter991
7:08 Loom
10:10 Feudal Age
12:06 Double-Bit Axe
13:45 Horse Collar
21:29 Castle Age
20:11 Gold Mining
20:35 Stone Mining
22:27 Wheelbarrow
22:05 Forging
22:01 Scale Barding Armor
23:04 Bow Saw
23:47 Husbandry
25:13 Fletching
25:23 Padded Archer Armor
28:37 Leather Archer Armor
28:55 Bloodlines
29:10 Bodkin Arrow
30:34 Stone Shaft Mining
31:13 Thumb Ring
32:52 Iron Casting
33:56 Scale Mail Armor
34:22 Chain Barding Armor
34:52 Gold Shaft Mining
38:40 Imperial Age
38:23 Hand Cart
39:14 Ballistics
38:49 Murder Holes
40:29 Chemistry
39:42 Heavy Camel Rider
44:52 Bracer
45:23 Ring Archer Armor
44:51 Murder Holes
45:49 Shatagni
46:18 Imperial Camel Rider
51:06 Blast Furnace
50:42 Plate Barding Armor
50:52 Conscription
51:28 Town Watch
52:01 Chain Mail Armor
51:57 Light Cavalry
56:58 Hussar
58:59 Town Patrol
60:09 Fortified Wall
62:06 Grand Trunk Road
Quack
12:50 Feudal Age
12:53 Loom
17:20 Castle Age
17:30 Double-Bit Axe
18:36 Wheelbarrow
29:55 Gold Mining
31:22 Tigui
31:44 Fletching
34:37 Imperial Age
32:11 Horse Collar
32:38 Bodkin Arrow
35:09 Hand Cart
36:35 Town Watch
39:22 Bow Saw
39:46 Elite Gbeto
41:49 Bloodlines
41:44 Husbandry
41:04 Cavalier
42:39 Forging
42:29 Scale Mail Armor
43:19 Ballistics
44:31 Gold Shaft Mining
44:02 Heavy Plow
45:54 Farimba
47:10 Iron Casting
46:40 Scale Barding Armor
46:36 Padded Archer Armor
47:06 Conscription
46:14 Elite Skirmisher
47:00 Thumb Ring
47:09 Heavy Camel Rider
49:30 Stone Mining
52:20 Chain Barding Armor
57:33 Chemistry
56:36 Town Patrol
61:58 Light Cavalry
64:20 Plate Barding Armor
64:02 Leather Archer Armor
Kappachero
13:36 Feudal Age
14:14 Loom
15:19 Bloodlines
21:20 Castle Age
22:34 Horse Collar
28:25 Squires
29:11 Wheelbarrow
29:03 Husbandry
28:46 Pikeman
29:32 Marauders
36:41 Imperial Age
36:49 Hand Cart
37:27 Halberdier
39:40 Conscription
40:03 Elite Tarkan
43:20 Heavy Plow
43:07 Double-Bit Axe
48:20 Thumb Ring
50:29 Elite Skirmisher
52:07 Fletching
52:18 Padded Archer Armor
53:40 Chemistry
54:18 Ballistics
Connection lost

Rejoining the realm…

Still unreachable

The connection could not be restored.

Session expired

The server has moved on; the page needs a fresh start.